 Dungeon Crawl Stone Soup version 0.28.0-53-g5a82cb258f (webtiles) character file.

Game seed: 11570445593952421314

1659 cbfl8 the Chopper (level 8, -1/111 HPs)
             Began as a Minotaur Berserker on July 15, 2022.
             Was a Believer of Trog.
             Killed from afar by an electric eel (10 damage)
             ... with a bolt of electricity
             ... on level 6 of the Dungeon.
             The game lasted 00:09:26 (6386 turns).

cbfl8 the Chopper (Minotaur Berserker)              Turns: 6386, Time: 00:09:27

Health: -1/111     AC: 13    Str: 20    XL:     8   Next: 68%
Magic:  7/7        EV:  5    Int:  4    God:    Trog [**....]
Gold:   214        SH: 13    Dex: 18    Spells: 7/7 levels left

rFire   . . .      SeeInvis .   p - +2 spear of Awkwardness {vorpal, rC+ rN++ rCorr Str-2}
rCold   + . .      Faith    .   t - +0 tower shield
rNeg    + + .      Spirit   .   o - +0 chain mail
rPois   .          Reflect  .   (helmet restricted)
rElec   .          Harm     .   (no cloak)
rCorr   +          Rampage  .   f - +1 pair of gloves
Will    .....                   i - +0 pair of boots
Stlth   ..........              g - amulet of the acrobat
HPRegen 0.28/turn               q - +6 ring of dexterity
MPRegen 0.10/turn               (no ring)

@: berserking, very quick
A: horns 2, retaliatory headbutt
a: Renounce Religion, Berserk, Trog's Hand


You were on level 6 of the Dungeon.
You worshipped Trog.
Trog was pleased with you.
You visited 1 branch of the dungeon, and saw 6 of its levels.

You collected 236 gold pieces.
You spent 22 gold pieces at shops.

Inventory:

Hand Weapons
 a - a +0 hand axe
 p - the +2 spear of Awkwardness (weapon) {vorpal, rC+ rN++ rCorr Str-2}
   (You found it on level 4 of the Dungeon)

   It inflicts extra damage upon your enemies.
   Str:       It affects your strength (-2).
   rC:        It protects you from cold.
   rN:        It greatly protects you from negative energy.
   rCorr:     It protects you from acid and corrosion.
Armour
 b - a +0 animal skin
 f - a +1 pair of gloves (worn)
 i - a +0 pair of boots (worn)
 o - a +0 chain mail (worn)
 t - a +0 tower shield (worn)
 w - the +1 ring mail "Ecru" {Slay+2}
   (You took it off an orc on level 5 of the Dungeon)

   Slay:      It affects your accuracy & damage with ranged weapons and melee
   (+2).
Jewellery
 g - an amulet of the acrobat (around neck)
 q - a +6 ring of dexterity (left hand)
Scrolls
 c - 3 scrolls of amnesia
 e - 2 scrolls of blinking {unknown}
 l - a scroll of torment
 s - a scroll of summoning {unknown}
 v - a scroll of fear {unknown}
Potions
 d - a potion of magic {unknown}
 h - a potion of invisibility {unknown}
 j - 2 potions of might
 k - 2 potions of brilliance
 m - 2 potions of heal wounds {unknown}
 n - a potion of degeneration {unknown}
 r - a potion of curing


   Skills:
 * Level 7.8 Fighting
 + Level 7.8(8.5) Axes
 + Level 4.8(7.0) Polearms
 + Level 5.6 Armour
 + Level 3.9 Dodging
 + Level 1.7 Stealth
 + Level 2.0 Shields


You had 7 spell levels left.
You didn't know any spells.
Your spell library was empty.

Dungeon Overview and Level Annotations

Branches:
Dungeon (6/15)
 Temple: D:4-7

Altars:
Kikubaaqudgha
Ru
Trog

Shops:
D:2 [   D:3 ?   D:5 (


Innate Abilities, Weirdness & Mutations

You have a pair of horns on your head.
You reflexively headbutt those who attack you in melee.


Message History

You start resting.
You are no longer berserk.
You are exhausted.
You feel yourself slow down.
You start resting.
You feel yourself speed up.
You start resting.
You recover from your berserk rage.
You start resting.
You start resting.
HP restored.
You start waiting.
Done waiting.
The electric eel shoots out a bolt of lightning at you!
The bolt of electricity hits you.
Found a book of Dreams.
The electric eel shoots out a bolt of lightning at you!
The bolt of electricity hits you! x2
You closely miss the electric eel.
The electric eel shoots out a bolt of lightning at you!
The bolt of electricity hits you! x2
The bolt of electricity hits the electric eel.
The electric eel completely resists.
You hit the electric eel.
The electric eel is lightly wounded.
The electric eel shoots out a bolt of lightning at you!
The bolt of electricity hits you! x2
* * * LOW HITPOINT WARNING * * *
The bolt of electricity hits the electric eel.
The electric eel completely resists.
A red film seems to cover your vision as you go berserk!
You feel yourself moving faster!
You feel mighty!
You are too injured to fight recklessly!
You miss the electric eel. You headbutt the electric eel!
The electric eel is almost dead.
The electric eel shoots out a bolt of lightning at you!
The bolt of electricity hits you!
* * * LOW HITPOINT WARNING * * *
The bolt of electricity hits you!
You die...

#....# #.<..#
#..≈≈≈≈≈..
#..^.#.#.≈≈≈≈≈P..
#####'###.#..≈≈≈≈...
#.....# #:#..≈≈≈≈≈..
#.##### #...≈≈≈≈≈...
#.# #...≈≈≈≈≈P..
#.##### #.#..≈≈≈≈...
#.....# #.#.@S≈≈≈≈.#
#####.# #.....≈≈≈#.#
###'#####.P#≈≈≈#
#..........#≈≈≈#
#..÷.......# ≈≈#
#....)....## ≈≈#
#.........# ≈#
#.........# ##
#.........#


You could see an electric eel.

Vanquished Creatures
  Grinder (D:4)
  Sigmund (D:4)
  A wyvern (D:4)
  A water moccasin (D:5)
  A black bear (D:6)
  2 ogres
  A necrophage (D:5)
  3 scorpions
  A bullfrog zombie (D:5)
  An orc priest (D:5)
  A hound (D:4)
  A gnoll shaman (D:4)
  A bullfrog skeleton (D:5)
  5 orc wizards
  A hound skeleton (D:4)
  7 gnolls
  5 adders
  A shadow imp (D:5)
  A white imp (D:6)
  An ufetubus (D:5)
  An adder skeleton (D:4)
  2 worms (D:2)
  3 dart slugs
  14 orcs
  8 ball pythons
  6 bats
  4 endoplasms
  6 giant cockroaches
  7 goblins
  3 hobgoblins (D:1)
  6 kobolds
  5 quokkas
  3 frilled lizards
  6 rats
111 creatures vanquished.

Vanquished Creatures (others)
  11 plants
11 creatures vanquished.

Grand Total: 122 creatures vanquished

Notes
Turn   | Place    | Note
-------+----------+-------------------------------------------
     0 | D:1      | cbfl8 the Minotaur Berserker began the quest for the Orb.
     0 | D:1      | Reached XP level 1. HP: 19/19 MP: 0/0
   335 | D:1      | Reached XP level 2. HP: 27/27 MP: 1/1
  1177 | D:2      | Found an ancient bone altar of Kikubaaqudgha.
  1224 | D:2      | Reached XP level 3. HP: 33/33 MP: 2/2
  1240 | D:2      | Found Zerghushry's Antique Armour Shoppe.
  1284 | D:2      | Noticed a scorpion
  1294 | D:2      | Killed a scorpion
  1295 | D:2      | Reached skill level 5 in Axes
  1295 | D:2      | Reached XP level 4. HP: 35/41 MP: 3/3
  1454 | D:2      | Found a faded altar of an unknown god.
  2259 | D:3      | Reached ** piety under Trog
  2398 | D:3      | Reached XP level 5. HP: 47/47 MP: 4/4
  2500 | D:3      | Found Ranuypod's Magic Scroll Shop.
  2508 | D:3      | Bought a scroll of identify for 22 gold pieces
  2540 | D:3      | Reached skill level 1 in Stealth
  2584 | D:3      | Noticed an ogre
  2594 | D:3      | Killed an ogre
  2595 | D:3      | Reached skill level 5 in Fighting
  3042 | D:3      | Reached XP level 6. HP: 53/56 MP: 5/5
  3355 | D:4      | Noticed a wyvern
  3423 | D:4      | Noticed Sigmund
  3769 | D:4      | Identified the +2 spear of Awkwardness {vorpal, rC+ rN++
                  | rCorr Str-2}
  3801 | D:4      | Found a bloodstained altar of Trog.
  3874 | D:4      | Killed a wyvern
  3882 | D:4      | Reached XP level 7. HP: 63/63 MP: 6/6
  4015 | D:4      | Killed Sigmund
  4016 | D:4      | Reached skill level 1 in Polearms
  4178 | D:4      | Noticed Grinder
  4188 | D:4      | Killed Grinder
  4312 | D:4      | Reached XP level 8. HP: 65/73 MP: 7/7
  4600 | D:5      | Entered Level 5 of the Dungeon
  5289 | D:5      | Identified the +1 ring mail "Ecru" {Slay+2}
  5439 | D:5      | Found Essieresk's Antique Weapon Emporium.
  5577 | D:5      | Reached skill level 1 in Shields
  5690 | D:5      | Reached skill level 5 in Armour
  5851 | D:5      | Found a sacrificial altar of Ru.
  6386 | D:6      | Killed from afar by an electric eel

Illustrated notes

Levels and vault maps discovered:
D:1:      ncdulo_smallfort, layout_loops_ring
D:2:      layout_loops_corners, dreamdust_ecumenical_altar_grove, basic_altar,
          serial_shops, shop, fountainhead
D:3:      layout_basic, serial_shops, shop, guppyfry_early_lair_pool
D:4:      layout_basic, mainiacjoe_overflow_cross_hatched, uniq_sigmund,
          uniq_grinder
D:5:      layout_basic, mainiacjoe_overflow_24_doors, serial_shops,
          nicolae_shop_overgrown_old_shop
D:6:      layout_basic, minmay_temple_entry_drinking_statues,
          gammafunk_ghost_icy, chequers_big_river

Skill      XL: |  1  2  3  4  5  6  7  8 |
---------------+-------------------------+-----
Axes           | 4 5 6 7 |  7.8
Fighting       | 4 5 6 7 |  7.8
Dodging        | 3 |  3.9
Stealth        | 1 |  1.7
Armour         | 3 4 5 |  5.6
Polearms       | 2 4 |  4.8
Shields        | 2 |  2.0

Action                   |  1- 3 |  4- 6 |  7- 9 || total
-------------------------+-------+-------+-------++-------
Melee: Hand axe          |    63 |    76 |       ||   139
       Headbutt          |     9 |    16 |    20 ||    45
       Punch             |     1 |       |     1 ||     2
       Spear             |       |    14 |   132 ||   146
Invok: Berserk           |     1 |     1 |     5 ||     7
       Trog's Hand       |       |       |     3 ||     3
  Use: Scroll            |       |     3 |     1 ||     4
 Stab: Sleeping          |       |     1 |       ||     1
Armor: Animal skin       |    15 |    14 |       ||    29
       Chain mail        |       |    15 |    78 ||    93
Dodge: Dodged            |    49 |    67 |    35 ||   151
Block: Tower shield      |       |       |    38 ||    38
